AoeStats
← < blank >

Arena

510204693Analyzed
2v2 RM · 2d ago on Sep 29, 2026· 68m 29s· 4 players
Game mode
Random Map
Map size
Medium (4 player)
Population
200
Speed
Normal
Resources
Standard
Victory
Conquest
Starting age
Dark Age
Ending age
Imperial Age
RankedLock teamsTeams togetherTeam positionsShared explorationLock speedFull tech treeHidden civsTurbo modeCheats
Victory
Defeat
🇮🇱 Lithuanians · Israel
802
+17
🇮🇱 Magyars · Israel
731
+20
🇦🇷 Varangians · Argentina
877
-21
🇦🇷 Byzantines · Argentina
764
-16
< blank >
10:37 Feudal Age
11:03 Double-Bit Axe
10:58 Horse Collar
12:20 Wheelbarrow
20:45 Castle Age
21:49 Heavy Plow
22:01 Bow Saw
22:17 Hand Cart
27:04 Corvinian Army
33:11 Imperial Age
32:23 Scale Barding Armor
32:20 Stone Mining
32:21 Gold Mining
35:18 Hoardings
36:23 Two-Man Saw
35:55 Crop Rotation
38:18 Elite Magyar Huszar
38:25 Elite Magyar Huszar
40:01 Conscription
40:34 Conscription
43:23 Loom
47:07 Ballistics
47:47 Chemistry
46:50 Murder Holes
50:43 Fervor
54:57 Chain Barding Armor
54:59 Padded Archer Armor
54:49 Fletching
57:46 Pikeman
59:29 Halberdier
64:43 Scale Mail Armor
65:20 Plate Barding Armor
Hello
11:50 Feudal Age
12:30 Double-Bit Axe
12:27 Horse Collar
18:38 Castle Age
18:51 Wheelbarrow
20:38 Bow Saw
21:45 Scale Barding Armor
21:51 Forging
24:13 Heavy Plow
26:29 Redemption
30:30 Chain Barding Armor
30:46 Iron Casting
31:43 Hand Cart
32:18 Stone Mining
32:21 Gold Mining
32:41 Town Watch
35:27 Imperial Age
32:50 Loom
34:12 Stone Shaft Mining
33:56 Town Patrol
36:46 Elite Leitis
37:48 Conscription
38:20 Plate Barding Armor
37:36 Fletching
39:57 Crop Rotation
40:40 Two-Man Saw
39:07 Pikeman
39:50 Squires
39:40 Arson
40:04 Scale Mail Armor
40:04 Padded Archer Armor
41:33 Bodkin Arrow
42:02 Ballistics
42:42 Chemistry
41:34 Halberdier
42:56 Husbandry
43:06 Bloodlines
42:24 Elite Skirmisher
44:13 Chain Mail Armor
43:59 Padded Archer Armor
49:03 Tower Shields
49:08 Hill Forts
49:47 Hoardings
65:28 Leather Archer Armor
65:13 Bracer
Tradermots
11:19 Feudal Age
18:53 Castle Age
21:25 Wheelbarrow
20:41 Loom
23:45 Pikeman
24:13 Gambesons
27:31 Hand Cart
32:07 Imperial Age
30:00 Husbandry
30:17 Forging
30:18 Scale Barding Armor
31:24 Horse Collar
31:36 Gold Mining
31:33 Double-Bit Axe
32:44 Iron Casting
32:22 Heavy Plow
33:10 Conscription
34:15 Logistica
35:23 Chain Barding Armor
35:59 Elite Cataphract
39:38 Plate Barding Armor
38:54 Fletching
39:09 Squires
41:13 Chemistry
40:34 Ballistics
40:12 Murder Holes
40:27 Fortified Wall
40:01 Treadmill Crane
43:22 Gold Shaft Mining
42:26 Halberdier
42:34 Halberdier
43:00 Arson
47:56 Scale Mail Armor
48:12 Greek Fire
49:17 Chain Mail Armor
50:31 Plate Mail Armor
53:27 Heavy Camel Rider
LRNI_Brian23
12:13 Feudal Age
13:44 Loom
16:27 Castle Age
15:10 Double-Bit Axe
16:16 Horse Collar
20:37 Bloodlines
21:35 Gold Mining
23:45 Scale Barding Armor
24:08 Husbandry
28:18 Vendel Legacy
29:38 Wheelbarrow
32:29 Imperial Age
30:36 Forging
30:47 Stone Mining
32:21 Heavy Plow
32:53 Town Watch
33:18 Fletching
34:27 Conscription
34:46 Cavalier
36:05 Chain Barding Armor
37:14 Iron Casting
37:31 Capped Ram
38:33 Hand Cart
38:56 Plate Barding Armor
39:23 Crop Rotation
39:13 Treadmill Crane
43:43 Blast Furnace
43:08 Siege Engineers
44:04 Chemistry
43:27 Ballistics
43:08 Bodkin Arrow
47:15 Murder Holes
48:21 Bow Saw
49:44 Guilds
62:54 Bracer
Connection lost

Rejoining the realm…

Still unreachable

The connection could not be restored.

Session expired

The server has moved on; the page needs a fresh start.